 Dungeon Crawl Stone Soup version 0.31-a0-949-g57150269e1 (webtiles) character file.

Game seed: 7603468064260733845

53 voltaire321 the Sneak (level 3, 0/23 HPs)
             Began as an Octopode Hedge Wizard on Oct 22, 2023.
             Slain by an adder (4 damage)
             ... on level 2 of the Dungeon.
             The game lasted 00:04:40 (1220 turns).

voltaire321 the Sneak (Octopode Hedge Wizard)       Turns: 1220, Time: 00:04:40

Health: 0/23       AC:  1    Str:  9    XL:     3   Next: 89%
Magic:  7/7        EV: 13    Int: 18    God:
Gold:   51         SH:  0    Dex: 11    Spells: 3/8 levels left

rFire   . . .        g - +2 trident (venom)
rCold   . . .        (no shield)
rNeg    . . .        b - +0 hat
rPois   .            (no amulet)
rElec   .            (no ring)
rCorr   .            (no ring)
SInv    .            (no ring)
Will    .....        (no ring)
Stlth   +++          (no ring)
HPRegen 0.23/turn    (no ring)
MPRegen 0.10/turn    (no ring)
                     (no ring)

%: no passive effects
@: no status effects
A: almost no armour, amphibious, 8 rings, camouflage 1, gelatinous body 1,
(nimble swimmer 1), tentacles
a: no special abilities


You were on level 2 of the Dungeon.
You visited 1 branch of the dungeon, and saw 2 of its levels.

You collected 51 gold pieces.

Inventory:

Hand Weapons
 a - a +0 dagger
 g - a +2 trident of venom (weapon)
Armour
 b - a +0 hat (worn)
Talismans
 d - a beast talisman
Scrolls
 f - a scroll of vulnerability {unknown}
 i - a scroll of poison {unknown}
Potions
 c - a potion of magic
 e - a potion of berserk rage {unknown}
 h - a potion of heal wounds {unknown}


   Skills:
 + Level 1.1 Fighting
 + Level 2.4 Dodging
 + Level 3.3 Stealth
 + Level 3.2 Spellcasting
 + Level 1.4 Conjurations
 + Level 1.5 Summonings
 + Level 1.4 Translocations


You had 3 spell levels left.
You knew the following spells:

 Your Spells              Type           Power      Damage    Failure   Level
a - Magic Dart            Conj           32%        1d4       9%          1
b - Blink                 Tloc           14%        N/A       14%         2
c - Call Imp              Summ           16%        N/A       13%         2

Your spell library contained the following spells:

 Spells                   Type           Power      Damage    Failure   Level
 Slow                     Hex            8%         N/A       16%         1
 Cigotuvi's Dreadful Rot  Necr/Pois/Air  4%         N/A       24%         2
 Mephitic Cloud           Conj/Pois/Air  4%         N/A       36%         3


Dungeon Overview and Level Annotations

Branches:
Dungeon (2/15)

Altars:


Innate Abilities, Weirdness & Mutations

You cannot wear most types of armour.
You are amphibious.
You can wear up to eight rings at the same time.
Your skin changes colour to match your surroundings (Stealth+).
Your rubbery body absorbs attacks. (AC +1, EV +1)
((You are camouflaged when in or above water. (Stealth+)))
You have tentacles for arms and can constrict up to eight enemies at once.


Message History

The goblin hits you with a +0 dagger.
The hobgoblin attacks as it pursues you!
The hobgoblin hits you.
Things that are here:
a +0 dagger; a hobgoblin corpse You are too injured to fight recklessly!
You are too injured to fight recklessly!
You are too injured to fight recklessly!
You hit the hobgoblin.
You kill the hobgoblin!
You hit the goblin.
The goblin is poisoned.
Your grab misses the goblin. Your squeeze misses the goblin.
The goblin is heavily wounded.
The goblin hits you with a +0 dagger.
You closely miss the goblin. Your grab misses the goblin.
You squeeze the goblin.
You kill the goblin!
You hit the goblin.
You kill the goblin!
The goblin no longer looks unusually strong.
The goblin hits you with a +0 club.
You barely miss the goblin. You grab the goblin. You constrict the goblin.
The goblin hits you with a +0 club.
* * * LOW HITPOINT WARNING * * *
You release your grip on the goblin.
You hit the goblin.
You kill the goblin!
You hit the hobgoblin. You grab the hobgoblin.
The hobgoblin is lightly wounded.
You constrict the hobgoblin.
The hobgoblin no longer looks unusually strong.
The goblin no longer looks unusually strong.
The hobgoblin barely misses you. The hobgoblin closely misses you.
You hit the hobgoblin.
You kill the hobgoblin!
You closely miss the goblin. Your grab misses the goblin.
You squeeze the goblin.
You kill the goblin!
The adder bites you.
You die...

##.#.#####.#######
#.###.....#.......
##.#.#####.####### ##.##
#........ ##.######.#
###..#...
..........########..#.##
..####.#...........#.##
#...........####.#.##
#)##@#..###.÷.##.#.## #
#S#....#.#'##.#.##
#g##.#.###.##.#.##
..Sgg.).# ...##...###.##
#....#### #+##..⌠..##'##
.... ##...##...# #.#
##.##..... # #'#......
##.##.....


You could see an adder and a goblin.

Vanquished Creatures
  Robin (D:2)
  2 worms (D:2)
  2 ball pythons (D:1)
  2 bats (D:1)
  6 endoplasms
  6 hobgoblins
  A quokka (D:1)
  8 goblins
  2 kobolds
  4 rats
34 creatures vanquished.

Notes
Turn   | Place    | Note
-------+----------+-------------------------------------------
     0 | D:1      | voltaire321 the Octopode Hedge Wizard began the quest for
                  | the Orb.
     0 | D:1      | Reached XP level 1. HP: 11/11 MP: 4/4
   256 | D:1      | Reached XP level 2. HP: 18/18 MP: 1/6
   505 | D:1      | Learned a level 2 spell: Blink
   508 | D:1      | Learned a level 2 spell: Call Imp
   896 | D:2      | Reached XP level 3. HP: 22/22 MP: 7/7
   911 | D:2      | Reached skill level 1 in Fighting
  1202 | D:2      | Noticed Robin
  1207 | D:2      | Killed Robin
  1220 | D:2      | Slain by an adder

Illustrated notes

Levels and vault maps discovered:
D:1:      dpeg_arrival_pits, layout_loops_ring, feat_on_display
D:2:      layout_loops_ring, nicolae_hexahallways, st_stairs_4,
          hangedman_decor_clover_reticule, uniq_robin

Skill      XL: |  1  2  3 |
---------------+----------+-----
Fighting       | 1 |  1.1
Stealth        | 3 |  3.3
Dodging        | |  2.4
Spellcasting   | |  3.2
Conjurations   | |  1.4
Summonings     | |  1.5
Translocations | |  1.4

Action                     || total
---------------------------++-------
  Melee: Dagger            ||    17
         Constrict         ||    12
         Tentacles         ||     8
         Trident           ||    46
   Cast: Magic Dart        ||    18
   Stab: Sleeping          ||     7
 Armour: Skin              ||    25
  Dodge: Dodged            ||    20
         Form:             ||     1
         Beast             ||     1

Table legend: (Time is in decaauts)
 A = Elapsed time spent in this place.
 B = Non-inter-level travel time spent in this place.
 C = Inter-level travel time spent in this place.
 D = Time resting spent in this place.
 E = Time spent auto-exploring this place.
 F = Levels seen in this place.
 G = Mean time per level.
                   A        B        C        D        E       F      G
               +--------+--------+--------+--------+--------+-----+--------+
         Total |   1232 |   1189 |     43 |    236 |    718 |   2 |  616.0 |
       Dungeon |   1232 |   1189 |     43 |    236 |    718 |   2 |  616.0 |
               +--------+--------+--------+--------+--------+-----+--------+

Top non-repeatable levels by time:
     D:1: 841 daAuts
     D:2: 391 daAuts
